 Dungeon Crawl Stone Soup version 0.17.2-1-ge4368a0 (webtiles) character file.

327 Goblin1989 the Insei (level 6, 40/47 HPs)
             Began as a Demonspawn Monk on Oct 27, 2016.
             Quit the game on level 4 of the Dungeon.
             The game lasted 00:07:54 (2140 turns).

Goblin1989 the Insei (Demonspawn Monk)              Turns: 2140, Time: 00:07:54

Health: 40/47      AC:  6    Str: 13    XL:     6   Next: 24%
Magic:  6/6        EV: 11    Int: 11    God:
Gold:   185        SH:  4    Dex: 20    Spells: 0 memorised, 5 levels left

rFire  + . .     SeeInvis .       - Unarmed
rCold  . . .     Clarity  .     h - +0 ring mail
rNeg   . . .     SustAt   .     k - +0 buckler
rPois  .         Gourm    .     (no helmet)
rElec  .         Spirit   .     (no cloak)
rCorr  .         Warding  .     (no gloves)
rMut   .         Stasis   .     z - +0 pair of boots
MR     .....                    (no amulet)
Stlth  +++.......               (no ring)
                                f - ring of protection from fire

@: not resistant to hostile enchantments, fairly stealthy
A: talons 1, thin skeletal structure 2, spiny 1
a: no special abilities


You were on level 4 of the Dungeon.
You were not hungry.

You visited 1 branch of the dungeon, and saw 4 of its levels.

You collected 185 gold pieces.

Inventory:

Armour
 h - a +0 ring mail (worn)
 k - a +0 buckler (worn)
 x - a +0 helmet
 z - a +0 pair of boots (worn)
Jewellery
 f - a ring of protection from fire (left hand)
 o - an uncursed ring of protection from fire
Wands
 y - a wand of flame (9)
Scrolls
 a - a scroll of random uselessness
 c - 2 scrolls of immolation {!r}
 l - a scroll of remove curse {@r2}
 n - a scroll of noise {!r}
Potions
 d - 2 potions of beneficial mutation
 e - 2 potions of curing {@q1}
 i - a potion of might
 q - a potion of cure mutation {unknown}
 t - a potion of lignification {unknown}
 v - 2 potions of haste {!q, @q3}
 w - a potion of heal wounds {unknown}
Comestibles
 b - 2 bread rations {@e1}
 g - 2 chunks of flesh {@w0}
 j - a slice of pizza
 r - 2 royal jellies
 u - a beef jerky


   Skills:
 - Level 3.0 Fighting
 - Level 2.6 Dodging
 - Level 1.7 Stealth
 + Level 6.9 Unarmed Combat


You had 5 spell levels left.
You didn't know any spells.

Dungeon Overview and Level Annotations

Branches:
Dungeon (4/15)
 Temple: D:4-7

Altars:
Kikubaaqudgha
Nemelex Xobeh
Xom


Innate Abilities, Weirdness & Mutations

You have sharp toenails.
You have a moderately thin skeletal structure (Dex +4, Stealth+).
You are partially covered in sharp spines.


Message History

Grinder is severely wounded.
Grinder is struck by your spines. Grinder barely misses you.
You hit Grinder.
Grinder is almost dead.
Grinder is struck by your spines. Grinder completely misses you.
You punch Grinder!
You kill Grinder!
Your Unarmed Combat skill increases to level 6!
You have reached level 5!
Your demonic ancestry asserts itself...
Your bones become somewhat less dense.
You have reached level 6!
Your experience leads to an increase in your attributes!
Increase (S)trength, (I)ntelligence, or (D)exterity?
You feel stronger.
Your demonic ancestry asserts itself...
Your toenails lengthen and sharpen.
You regained 10 hp, and now have 40/47 hp.
MP restored: 6 Unknown command.
Are you sure you want to abandon this character and quit the game? (Confirm with "yes".)

█......█...█
█.<........█
█..........████
█..............
█..............
██..............
█...............
█...............
█.....██@.......
█.....██........
█.....██........


████████████████ There were no monsters in sight!

Vanquished Creatures
  Grinder (D:4)
  Robin (D:3)
  5 adders
  A worm (D:2)
  2 giant geckos (D:3)
  4 orcs (D:3)
  A ball python (D:4)
  3 giant cockroaches
  11 goblins
  9 hobgoblins
  4 jackals
  6 bats
  A giant newt (D:1)
  7 kobolds
  10 rats
66 creatures vanquished.

Notes
Turn   | Place    | Note
--------------------------------------------------------------
     0 | D:1      | Goblin1989 the Demonspawn Monk began the quest for the Orb.
     0 | D:1      | Reached XP level 1. HP: 18/18 MP: 1/1
   315 | D:1      | Reached skill level 4 in Unarmed Combat
   462 | D:1      | Gained mutation: You are partially covered in sharp spines. [demonic ancestry]
   462 | D:1      | Reached XP level 2. HP: 24/24 MP: 2/2
   894 | D:2      | Gained mutation: You have a somewhat thin skeletal structure (Dex +2, Stealth). [demonic ancestry]
   894 | D:2      | Reached XP level 3. HP: 29/29 MP: 3/3
  1052 | D:2      | Found a shimmering altar of Xom.
  1127 | D:2      | Found an ancient bone altar of Kikubaaqudgha.
  1340 | D:2      | Reached skill level 5 in Unarmed Combat
  1414 | D:2      | Reached XP level 4. HP: 33/35 MP: 4/4
  1636 | D:3      | Noticed Robin
  1647 | D:3      | Killed Robin
  1779 | D:3      | Found a sparkling altar of Nemelex Xobeh.
  2111 | D:4      | Noticed Grinder
  2139 | D:4      | Killed Grinder
  2139 | D:4      | Reached skill level 6 in Unarmed Combat
  2139 | D:4      | Gained mutation: You have a moderately thin skeletal structure (Dex +4, Stealth+). [demonic ancestry]
  2139 | D:4      | Reached XP level 5. HP: 35/41 MP: 5/5
  2139 | D:4      | Gained mutation: You have sharp toenails. [demonic ancestry]
  2139 | D:4      | Reached XP level 6. HP: 40/47 MP: 6/6
  2140 | D:4      | Quit the game

Action                   |  1- 3 |  4- 6 || total
-------------------------+-------+-------++-------
Melee: Unarmed           |    80 |    63 ||   143
  Use: Scroll            |       |    10 ||    10
 Stab: Sleeping          |     2 |     3 ||     5
  Eat: Chunk             |     2 |     2 ||     4

Vault maps used:
D:1:      lightli_arrival_statuegarden
D:2:      lemuel_crystal_altar, lemuel_coloured_pillars_altar
D:3:      grunt_ministairs_6, nemelex_lonely_heart_becter, uniq_robin
D:4:      kennysheep_spiral_hall, uniq_grinder, uniq_duvessa
